AoeStats
← 沒起房子我日

Oasis

508759840Analyzed
4v4 RM · 9d ago on Sep 23, 2026· 44m 36s· 8 players
Game mode
Random Map
Map size
Large (8 player)
Population
200
Speed
Normal
Resources
Standard
Victory
Conquest
Starting age
Dark Age
Ending age
Imperial Age
RankedLock teamsTeams togetherTeam positionsShared explorationLock speedFull tech treeHidden civsTurbo modeCheats
Victory
Defeat
🇺🇸 Varangians · United States
1789
+6
🇧🇷 Saxons · Brazil
1592
+13
🇧🇷 Britons · Brazil
1479
+17
🇧🇷 Huns · Brazil
1457
+18
🇲🇽 Varangians · Mexico
1591
-16
🇧🇷 Magyars · Brazil
1584
-16
🇹🇼 Saxons · Taiwan
1508
-13
🇹🇼 Persians · Taiwan
1393
-9
Tylenol
6:53 Loom
9:13 Feudal Age
9:53 Double-Bit Axe
14:31 Fletching
14:36 Horse Collar
22:59 Castle Age
21:18 Padded Archer Armor
21:58 Gold Mining
23:36 Bodkin Arrow
23:26 Crossbowman
25:05 Bow Saw
26:19 Ballistics
29:12 Leather Archer Armor
30:45 Wheelbarrow
32:44 Gold Shaft Mining
32:37 Heavy Plow
37:40 Imperial Age
35:31 Hand Cart
37:35 Stone Mining
38:23 Bracer
39:31 Chemistry
37:57 Arbalester
42:00 Two-Man Saw
40:48 Town Watch
41:14 Scale Mail Armor
41:24 Forging
41:49 Ring Archer Armor
41:04 Treadmill Crane
41:27 Squires
41:12 Arson
42:22 Yeomen
42:24 Conscription
41:37 Pikeman
42:52 Scale Mail Armor
43:27 Iron Casting
42:53 Halberdier
44:30 Chain Mail Armor
44:56 Siege Engineers
45:19 Yeomen
45:27 Conscription
SS_Guxta
6:14 Loom
8:21 Feudal Age
12:09 Double-Bit Axe
15:39 Horse Collar
21:05 Castle Age
19:42 Bloodlines
20:10 Scale Barding Armor
20:27 Gold Mining
22:08 Chain Barding Armor
23:04 Bow Saw
26:44 Forging
28:22 Heavy Plow
29:49 Wheelbarrow
31:54 Husbandry
38:33 Hand Cart
41:04 Imperial Age
39:11 Scale Mail Armor
39:47 Iron Casting
39:14 Squires
39:00 Arson
40:02 Town Watch
40:47 Chain Mail Armor
41:24 Gambesons
41:05 Elite Varangian Guard
42:09 Conscription
41:33 Gothikon
42:58 Plate Mail Armor
43:50 Two-Man Saw
42:42 Stone Mining
44:01 Crop Rotation
45:13 Blast Furnace
Hakka1_90
8:46 Feudal Age
9:34 Loom
9:50 Double-Bit Axe
10:13 Horse Collar
14:55 Forging
17:28 Scale Barding Armor
18:35 Bloodlines
22:50 Castle Age
21:10 Gold Mining
23:56 Wheelbarrow
24:10 Chain Barding Armor
24:26 Iron Casting
24:55 Husbandry
25:48 Town Watch
26:42 Bow Saw
37:14 Imperial Age
36:11 Gold Shaft Mining
35:42 Heavy Plow
37:19 Cavalier
38:24 Capped Ram
38:37 Paladin
40:22 Blast Furnace
39:58 Plate Barding Armor
39:48 Hand Cart
39:42 Siege Ram
SS_T3q
7:37 Loom
10:10 Feudal Age
12:28 Fletching
14:45 Double-Bit Axe
20:09 Castle Age
18:18 Horse Collar
19:42 Gold Mining
19:54 Padded Archer Armor
20:13 Crossbowman
21:01 Bodkin Arrow
22:44 Bow Saw
31:26 Imperial Age
30:22 Gold Shaft Mining
29:38 Stone Mining
29:49 Heavy Plow
31:45 Leather Archer Armor
34:23 Scale Mail Armor
34:33 Forging
34:56 Town Watch
35:47 Wheelbarrow
35:46 Chain Mail Armor
35:19 Arson
37:48 Conscription
39:09 Iron Casting
39:41 Plate Mail Armor
38:53 Elite Varangian Guard
40:27 Shield Wall
41:35 Gambesons
41:51 Squires
42:14 Hand Cart
44:30 Two-Man Saw
Josh
6:48 Loom
9:15 Feudal Age
11:09 Double-Bit Axe
12:07 Horse Collar
15:21 Bloodlines
18:33 Wheelbarrow
21:58 Castle Age
20:13 Gold Mining
20:57 Forging
20:52 Scale Barding Armor
23:01 Chain Barding Armor
23:11 Bow Saw
24:37 Stone Mining
28:56 Fletching
29:47 Vendel Legacy
35:04 Husbandry
37:23 Hand Cart
41:37 Imperial Age
41:41 Cavalier
42:57 Conscription
43:54 Plate Barding Armor
mung bean cake
6:05 Loom
8:33 Feudal Age
10:41 Double-Bit Axe
14:15 Horse Collar
16:58 Fletching
22:16 Wheelbarrow
28:22 Castle Age
33:59 Castle Age
Tremere
6:44 Loom
9:10 Feudal Age
9:47 Double-Bit Axe
9:45 Horse Collar
15:09 Scale Barding Armor
16:36 Bloodlines
22:13 Castle Age
22:15 Light Cavalry
22:55 Husbandry
23:16 Chain Barding Armor
25:26 Bow Saw
27:27 Wheelbarrow
26:57 Heavy Plow
34:45 Imperial Age
32:45 Fletching
33:19 Ballistics
33:38 Hand Cart
33:36 Padded Archer Armor
33:31 Bodkin Arrow
36:03 Plate Barding Armor
35:05 Cavalier
37:35 Two-Man Saw
36:26 Gold Mining
36:38 Bodkin Arrow
36:59 Paladin
38:59 Caravan
39:24 Bodkin Arrow
39:54 Padded Archer Armor
40:21 Parthian Tactics
40:01 Thumb Ring
40:37 Bracer
41:37 Recurve Bow
41:58 Conscription
42:16 Leather Archer Armor
41:56 Heavy Cavalry Archer
43:40 Chemistry
沒起房子我日
8:45 Loom
10:40 Feudal Age
11:48 Double-Bit Axe
11:45 Horse Collar
13:26 Fletching
15:19 Padded Archer Armor
23:46 Castle Age
22:30 Stone Mining
22:34 Gold Mining
23:50 Crossbowman
24:26 Bodkin Arrow
25:57 Wheelbarrow
25:59 Ballistics
26:44 Town Watch
27:41 Stone Mining
29:15 Bow Saw
30:27 Heavy Plow
32:37 Hand Cart
35:10 Leather Archer Armor
37:52 Imperial Age
35:26 Murder Holes
36:38 Masonry
36:43 Scale Mail Armor
36:55 Forging
38:02 Gold Shaft Mining
38:01 Chain Mail Armor
38:46 Thumb Ring
38:48 Bracer
40:04 Conscription
39:42 Cranequins
41:57 Ring Archer Armor
43:11 Chemistry
43:07 Shield Wall
Connection lost

Rejoining the realm…

Still unreachable

The connection could not be restored.

Session expired

The server has moved on; the page needs a fresh start.